2948 views
Uploaded 2020-03-01 01:10:04
Game version 1.32.2
39:03 long 1on1 custom game on microtrain_reforged_beta1.0
Game name "micro train"
Saved by Grim
2948 views
Uploaded 2020-03-01 01:10:04
Game version 1.32.2
39:03 long 1on1 custom game on microtrain_reforged_beta1.0
Game name "micro train"


| 0:15 | Carrion Swarm |
| 0:15 | Carrion Swarm |
| 0:18 | Sleep |
| 1:57 | Death Coil |
| 1:57 | Death Coil |
| 1:58 | Unholy Aura |
| 2:00 | Frost Nova |
| 4:02 | Frost Armor |
| 4:13 | Frost Nova |
| 4:15 | Frost Armor |
| 4:22 | Death Coil |
| 4:23 | Unholy Aura |
| 6:20 | Death Coil |
| 6:28 | Dark Ritual |
| 6:48 | Death Coil |
| 6:49 | Death Coil |
| 6:51 | Unholy Aura |
| 6:55 | Frost Nova |
| 6:56 | Frost Armor |
| 8:19 | Frost Nova |
| 8:50 | Impale |
| 8:50 | Spiked Carapace |
| 9:00 | Frost Nova |
| 9:01 | Frost Nova |
| 9:01 | Frost Armor |
| 9:02 | Death Coil |
| 9:03 | Death Coil |
| 9:03 | Death Pact |
| 9:03 | Unholy Aura |
| 11:09 | Impale |
| 11:30 | Impale |
| 11:30 | Spiked Carapace |
| 11:34 | Death Coil |
| 11:34 | Death Coil |
| 11:35 | Death Pact |
| 11:35 | Unholy Aura |
| 11:36 | Frost Nova |
| 11:37 | Frost Nova |
| 11:37 | Frost Armor |
| 14:32 | Impale |
| 14:32 | Spiked Carapace |
| 14:36 | Frost Nova |
| 14:36 | Frost Nova |
| 14:37 | Frost Armor |
| 14:38 | Frost Armor |
| 14:47 | Death Coil |
| 14:47 | Death Coil |
| 14:48 | Death Pact |
| 14:48 | Unholy Aura |
| 18:19 | Death Coil |
| 18:19 | Death Coil |
| 18:20 | Death Pact |
| 18:20 | Unholy Aura |
| 18:23 | Frost Nova |
| 18:24 | Frost Nova |
| 18:24 | Frost Armor |
| 18:27 | Dark Ritual |
| 18:31 | Impale |
| 18:31 | Impale |
| 18:32 | Spiked Carapace |
| 20:48 | Death Coil |
| 20:49 | Unholy Aura |
| 20:51 | Frost Nova |
| 20:54 | Dark Ritual |
| 21:07 | Carrion Swarm |
| 21:07 | Carrion Swarm |
| 21:08 | Carrion Swarm |
| 21:09 | Vampiric Aura |
| 23:10 | Unholy Aura |
| 23:12 | Frost Armor |
| 23:36 | Black Arrow |
| 23:36 | Black Arrow |
| 23:37 | Silence |
| 23:40 | Frost Nova |
| 23:40 | Frost Nova |
| 23:42 | Frost Armor |
| 23:46 | Death Coil |
| 23:46 | Death Coil |
| 23:46 | Death Pact |
| 23:46 | Unholy Aura |
| 26:18 | Sleep |
| 26:20 | Sleep |
| 26:20 | Vampiric Aura |
| 27:31 | Death Coil |
| 27:31 | Death Coil |
| 27:33 | Death Pact |
| 27:46 | Frost Nova |
| 30:05 | Frost Nova |
| 30:07 | Frost Armor |
| 30:12 | Death Coil |
| 30:12 | Unholy Aura |
| 31:46 | Death Coil |
| 31:56 | Frost Nova |
| 31:56 | Frost Armor |
| 32:02 | Death Coil |
| 32:03 | Death Coil |
| 32:03 | Unholy Aura |
| 34:22 | Impale |
| 34:22 | Spiked Carapace |
| 34:27 | Frost Nova |
| 34:27 | Frost Armor |
| 34:28 | Death Coil |
| 34:29 | Death Pact |
| 34:29 | Unholy Aura |
| 36:32 | Impale |
| 37:04 | Frost Nova |
| 37:04 | Frost Armor |
| 37:23 | Impale |
| 37:23 | Spiked Carapace |
| 37:41 | Death Coil |
| 37:42 | Death Coil |
| 37:42 | Death Pact |
| 37:42 | Unholy Aura |
| Right click | 2114 |
| Select group | 1664 |
| Select | 1124 |
| Build/train/purchase | 360 |
| Use ability | 296 |
| Assign group | 159 |
| Chat | 122 |
| Item give/drop | 73 |
| Misc. action | 21 |

| 0:09 | Sleep |
| 0:13 | Vampiric Aura |
| 0:14 | Sleep |
| 1:39 | Vampiric Aura |
| 2:04 | Death Coil |
| 2:04 | Unholy Aura |
| 2:06 | Frost Armor |
| 2:12 | Death Coil |
| 4:17 | Death Coil |
| 4:17 | Unholy Aura |
| 4:19 | Death Coil |
| 4:22 | Frost Nova |
| 4:23 | Frost Armor |
| 6:05 | Death Pact |
| 6:54 | Frost Nova |
| 6:54 | Frost Nova |
| 6:55 | Dark Ritual |
| 6:59 | Death Coil |
| 7:00 | Unholy Aura |
| 8:57 | Black Arrow |
| 8:58 | Silence |
| 9:06 | Death Coil |
| 9:08 | Frost Nova |
| 9:10 | Frost Nova |
| 9:12 | Frost Armor |
| 9:20 | Unholy Aura |
| 9:21 | Death Coil |
| 9:22 | Unholy Aura |
| 11:38 | Impale |
| 11:40 | Spiked Carapace |
| 11:46 | Unholy Aura |
| 11:47 | Death Coil |
| 12:05 | Frost Armor |
| 12:06 | Frost Nova |
| 12:08 | Frost Nova |
| 14:36 | Vampiric Aura |
| 14:37 | Sleep |
| 14:55 | Unholy Aura |
| 14:56 | Unholy Aura |
| 14:57 | Death Coil |
| 14:57 | Death Coil |
| 14:58 | Death Coil |
| 15:01 | Frost Armor |
| 15:01 | Frost Nova |
| 15:01 | Frost Nova |
| 15:02 | Frost Armor |
| 18:37 | Death Coil |
| 18:37 | Death Coil |
| 18:38 | Unholy Aura |
| 18:38 | Unholy Aura |
| 18:39 | Frost Nova |
| 18:41 | Frost Armor |
| 18:41 | Frost Armor |
| 18:44 | Silence |
| 18:44 | Silence |
| 18:45 | Black Arrow |
| 20:39 | Death Coil |
| 20:39 | Death Coil |
| 20:39 | Death Coil |
| 20:40 | Unholy Aura |
| 20:40 | Unholy Aura |
| 20:54 | Frost Nova |
| 20:55 | Frost Armor |
| 20:57 | Silence |
| 20:58 | Silence |
| 20:58 | Black Arrow |
| 23:56 | Vampiric Aura |
| 23:56 | Vampiric Aura |
| 24:01 | Sleep |
| 24:01 | Sleep |
| 24:03 | Unholy Aura |
| 24:03 | Unholy Aura |
| 24:04 | Death Coil |
| 24:12 | Frost Nova |
| 24:12 | Frost Nova |
| 24:13 | Frost Armor |
| 25:53 | Death Coil |
| 25:56 | Frost Armor |
| 26:22 | Vampiric Aura |
| 26:23 | Sleep |
| 26:24 | Vampiric Aura |
| 27:13 | Sleep |
| 27:38 | Unholy Aura |
| 27:39 | Death Coil |
| 27:39 | Unholy Aura |
| 27:42 | Frost Armor |
| 30:06 | Frost Nova |
| 30:08 | Dark Ritual |
| 30:18 | Unholy Aura |
| 30:19 | Death Coil |
| 32:01 | Frost Nova |
| 32:01 | Frost Nova |
| 32:04 | Frost Armor |
| 32:08 | Unholy Aura |
| 32:09 | Death Coil |
| 34:01 | Unholy Aura |
| 34:36 | Unholy Aura |
| 34:37 | Death Coil |
| 34:39 | Frost Nova |
| 34:42 | Dark Ritual |
| 35:02 | Spiked Carapace |
| 35:02 | Impale |
| Right click | 786 |
| Select | 750 |
| Select group | 350 |
| Build/train/purchase | 276 |
| Use ability | 161 |
| Chat | 119 |
| Misc. action | 68 |
| Assign group | 63 |
| Item give/drop | 3 |